[Event "Late-Titled-Tuesday-Blitz-March-19-2024"]
[Site "Chess.com"]
[Date "2024.03.19"]
[Round "1"]
[White "ninguno46"]
[Black "Durarbayli"]
[Result "0-1"]
[WhiteElo "2539"]
[BlackElo "2967"]
[TimeControl "180+1"]
[EndTime "14:07:23 PDT"]
[Termination "Durarbayli won on time"]

1. e4 c5 2. Nc3 d6 3. f4 g6 4. Nf3 Bg7 5. Bb5+ Bd7 6. Bc4 Nc6 7. d3 Na5 8. Bd2 e6 9. Qe2 Ne7 10. O-O O-O 11. Bb3 b5 12. Nd1 Nxb3 13. axb3 a5 14. Bc3 f6 15. Ne3 b4 16. Bd2 f5 17.
Rab1 Qc7 18. exf5 exf5 19. Qf2 a4 20. bxa4 Rxa4 21. Qh4 Re8 22. Ng5 h6 23. Nf3 Qd8 24.
Qg3 Kh7 25. Qh3 Ra2 26. Ng5+ Kg8 27. Nf3 Nc6 28. Qg3 Kh7 29. Nh4 Qf6 30. c3 bxc3 31.
Bxc3 Rxe3 32. Qxe3 Qxh4 33. Rf2 Nd4 34. Re1 Be6 35. h3 Ra8 36. Kh2 Re8 37. Qg3 Qd8 38. Bxd4 Bxd4 39. Rfe2 Bf7 40. Rxe8 Bxe8 41. b3 Bf7 0-1

[Event "Late-Titled-Tuesday-Blitz-March-19-2024"]
[Site "Chess.com"]
[Date "2024.03.19"]
[Round "1"]
[White "profedechess93"]
[Black "tylityli"]
[Result "1-0"]
[WhiteElo "2644"]
[BlackElo "2307"]
[TimeControl "180+1"]
[EndTime "14:07:25 PDT"]
[Termination "profedechess93 won on time"]

1. e4 e5 2. Nf3 Nc6 3. Bc4 Nf6 4. d3 Be7 5. c3 O-O 6. Bb3 d5 7. Qe2 dxe4 8. dxe4 a5 9. a4 h6 10. Nbd2 Bc5 11. Nf1 b6 12. Bc4 Qe7 13. Ng3 Be6 14. O-O Bxc4 15. Qxc4 Qe6 16. Qe2 Ne7 17. h3 Rfd8 18.
Nh4 Kh7 19. Nhf5 Nxf5 20. Nxf5 Ng8 21. Kh1 g6 22. Ne3 Bxe3 23. Bxe3 f5 24. f4 Rf8 25. Rae1 Rae8 26. fxe5 Qxe5 27. Bd4 Qd6 28. Qc4 Qe6 29. Qxc7+ Rf7 30. Qf4 Ree7 31. e5 Qd5 32. Be3 Qe6 33. Bd4 g5 34. Qf2 f4 35. Bxb6 1-0

[Event "Late-Titled-Tuesday-Blitz-March-19-2024"]
[Site "Chess.com"]
[Date "2024.03.19"]
[Round "1"]
[White "betta2004"]
[Black "BilodeauA"]
[Result "0-1"]
[WhiteElo "2558"]
[BlackElo "3063"]
[TimeControl "180+1"]
[EndTime "14:07:26 PDT"]
[Termination "BilodeauA won by resignation"]

1. e4 e5 2. Nf3 Nc6 3. d4 exd4 4.
Nxd4 Qf6 5. Nf3 Bb4+ 6. c3 Bc5 7.
Be2 Nge7 8. Bg5 Qg6 9. b4 Bb6 10.
Nbd2 d6 11. O-O f6 12. Bh4 Be6 13. a4 a5 14. Nc4 Bxc4 15. Bxc4 O-O-O 16. Be6+ Kb8 17. Qe2 Rhe8 18. Rfe1 d5 19. bxa5 Nxa5 20. Qb5 dxe4 21. Nd4 Nec6 22. Bf5 Qh6 23. Bg3 Ka7 24. Ne6 Rd2 25.
c4 Rxe6 26. Bxe6 Nd4 27. Qe8 e3 28. Rxe3 Ne2+ 29. Rxe2 Rxe2 30. c5 Bxc5 31. Bxc7 Nc6 32. Rb1 Qd2 33. Rxb7+ Kxb7 34. Qc8+ Ka7 35. Bb8+ Nxb8 36.
Qc7+ Ka8 37. h4 Re1+ 38. Kh2 Bd6+ 0-1

[Event "Late-Titled-Tuesday-Blitz-March-19-2024"]
[Site "Chess.com"]
[Date "2024.03.19"]
[Round "1"]
[White "Rud_Makarian"]
[Black "AGW2016"]
[Result "1-0"]
[WhiteElo "3001"]
[BlackElo "2541"]
[TimeControl "180+1"]
[EndTime "14:07:26 PDT"]
[Termination "Rud_Makarian won by resignation"]

1. d4 Nf6 2. Nf3 g6 3. c4 Bg7 4. g3 O-O 5. Bg2 d6 6. O-O c6 7. Nc3 Bf5 8. Nh4 Be6 9. b3 a5 10.
Bb2 a4 11. Rc1 axb3 12. axb3 Na6 13. d5 cxd5 14. Nxd5 Bxd5 15. Bxd5 Nxd5 16. Bxg7 Kxg7 17. Qxd5 Nc5 18. b4 Ne6 19. Nf3 Qb6 20. c5 Qxb4 21. cxd6 Qxd6 22. Qxb7 Ra2 23. Rfd1 Qa6 24. Qxa6 Rxa6 25.
Rd2 Rd8 26. Rxd8 Nxd8 27. Kg2 Ne6 28. Rb1 Ra2 29. e3 g5 30. h3 h5 31. Rb5 Kf6 32. g4 hxg4 33. hxg4 Kg6 34. Ne5+ Kf6 35. Nf3 Kg6 36. Rb6 Kf6 37. Nd4 Ke5 38. Rb5+ Kf6 39. Nc6 Ng7 40. Rb7 Ra4 41. Kg3 Re4 42. Nd4 Re5 43. Rb6+ e6 44. Rb7 Rc5 45. Nf3 Ne8 46. Rd7 Nc7 47. Nd2 Rc2 48. Ne4+ Kg6 49. Rd8 f5 50.
gxf5+ exf5 51. Rd6+ Kh5 52. Nf6+ Kg6 53. Nd5+ Kf7 54. Rd7+ Ke6 55. Rxc7 1-0

[Event "Late-Titled-Tuesday-Blitz-March-19-2024"]
[Site "Chess.com"]
[Date "2024.03.19"]
[Round "1"]
[White "JosephRyan"]
[Black "Zq1"]
[Result "1/2-1/2"]
[WhiteElo "2259"]
[BlackElo "2605"]
[TimeControl "180+1"]
[EndTime "14:07:27 PDT"]
[Termination "Game drawn - timeout vs insufficient material"]

1. e4 c5 2. c3 d5 3. exd5 Nf6 4. Bb5+ Nbd7 5. d4 a6 6. Be2 Nxd5 7. Nf3 e6 8. O-O Be7 9. c4 N5f6 10. d5 exd5 11. cxd5 Bd6 12. Nc3 b5 13. Bg5 h6 14. Bh4 O-O 15. a4 g5 16. Bg3 Bxg3 17. hxg3 b4 18. Nb1 Bb7 19. Bc4 Nb6 20. Nbd2 Bxd5 21. Rc1 a5 22. Bxd5 Qxd5 23. Qc2 Rac8 24. Nc4 Qxc4 25. Qxc4 Nxc4 26. Rxc4 Nd5 27. Rfc1 Nb6 28. Rxc5 Rxc5 29.
Rxc5 Nxa4 30. Rxa5 Nxb2 31. Rb5 Nd3 32. Kf1 Rc8 33.
Ke2 Nc1+ 34. Ke3 b3 35. Nd4 Rc3+ 36. Ke4 Rc4 37. Kd5 Rc3 38. g4 Kh7 39. Rb6 Nd3 40. Rxb3 Rxb3 41. Nxb3 Nxf2 42. Ke5 Nxg4+ 43. Kf5 Ne3+ 44.
Kf6 Nxg2 45. Kxf7 g4 46. Nd4 h5 47. Nf5 h4 48. Kf6 g3 49. Kg5 1/2-1/2

[Event "Late-Titled-Tuesday-Blitz-March-19-2024"]
[Site "Chess.com"]
[Date "2024.03.19"]
[Round "1"]
[White "vugarrasulov"]
[Black "valeriocarnicelli"]
[Result "0-1"]
[WhiteElo "2950"]
[BlackElo "2555"]
[TimeControl "180+1"]
[EndTime "14:07:28 PDT"]
[Termination "valeriocarnicelli won by checkmate"]

1. e4 e5 2. Nf3 Nc6 3. Bb5 f5 4. d3 fxe4 5. dxe4 Nf6 6. O-O Bc5 7. Qd3 d6 8. Qc4 Qe7 9. Nc3 Bd7 10. Bg5 a6 11. Bxc6 bxc6 12. a3 Qe6 13. Qxe6+ Bxe6 14. b4 Ba7 15. Be3 Bxe3 16. fxe3 Rf8 17. Nd2 Bf7 18. h3 Bg6 19. g4 h6 20. Kg2 Kd7 21.
Kg3 a5 22. bxa5 Rxa5 23. Nb3 Raa8 24. Nd2 Rfb8 25. h4 Rb2 26. Rfc1 Ke6 27. Nd1 Rb7 28.
Nc3 d5 29. Nb3 Kd6 30. exd5 cxd5 31. a4 c6 32. a5 Bxc2 33. Rxc2 Rxb3 34. Kf3 Nd7 35.
Ke2 Nc5 36. g5 hxg5 37. hxg5 Na6 38. Rcc1 Rh8 39. Kf3 Rh3+ 40. Kg4 Rxe3 41. Na4 g6 42.
Rf1 Rb4+ 43. Rf4 Rxf4# 0-1

[Event "Late-Titled-Tuesday-Blitz-March-19-2024"]
[Site "Chess.com"]
[Date "2024.03.19"]
[Round "1"]
[White "schondeln"]
[Black "dawid498"]
[Result "0-1"]
[WhiteElo "2376"]
[BlackElo "2694"]
[TimeControl "180+1"]
[EndTime "14:07:28 PDT"]
[Termination "dawid498 won by resignation"]

1. e4 c5 2. Nf3 g6 3. c3 Bg7 4. d4 cxd4 5. cxd4 d5 6. Nc3 dxe4 7.
Nxe4 Nf6 8. Nxf6+ Bxf6 9. Be2 O-O 10. O-O Nc6 11. Be3 Be6 12. a3 Rc8 13. Rc1 Bd5 14.
Qd2 Qb6 15. Ne5 Rfd8 16. Nc4 Qc7 17. Rfd1 Qd7 18. Qe1 Qe6 19. h3 Bg7 20. Bg4 f5 21.
Be2 Qf7 22. f4 h6 23. Ne5 Nxe5 24. dxe5 b6 25. Qf1 Bb3 26. Rxd8+ Rxd8 27. Rc3 Kh7 28.
Bc4 Bxc4 29. Qxc4 e6 30. Qc7 Rd7 31. Qc8 Bf8 32. Kf2 g5 33. Qc6 gxf4 34. Bxf4 Bg7 35. Qf3 Rd5 36. Qe3 Qd7 37. Ke2 Qb5+ 38. Kf3 Qd7 39. b4 Rd4 40. Ke2 Qd5 41. Kf2 Re4 42. Qf3 Qd4+ 43. Kg3 Rxf4 44. Qxf4 Bxe5 0-1

[Event "Late-Titled-Tuesday-Blitz-March-19-2024"]
[Site "Chess.com"]
[Date "2024.03.19"]
[Round "1"]
[White "santosalberto1987"]
[Black "Polish_fighter3000"]
[Result "0-1"]
[WhiteElo "2564"]
[BlackElo "3126"]
[TimeControl "180+1"]
[EndTime "14:07:29 PDT"]
[Termination "Polish_fighter3000 won on time"]

1. e4 d6 2. d4 Nf6 3. Nc3 g6 4. Be3 c6 5. Qd2 b5 6. Bd3 Nbd7 7. Nf3 Ng4 8. Bg5 h6 9. Bh4 Nb6 10. O-O-O b4 11. Ne2 a5 12. h3 Nf6 13. e5 Nfd5 14.
exd6 Qxd6 15. Ne5 Bg7 16. Rhe1 Na4 17. Nf4 Nxf4 18. Qxf4 O-O 19. Qe4 Be6 20. Bc4 Bd5 21.
Qe3 e6 22. Kb1 Nb6 23. Bxd5 Nxd5 24. Qd2 Rfc8 25. Bg3 Qe7 26. Nc4 a4 27. Be5 a3 28.
b3 Nc3+ 29. Ka1 Nxd1 30. Rxd1 Rd8 31. f4 c5 32. Qe3 cxd4 33. Rxd4 Rxd4 34. Qxd4 Rd8 0-1

[Event "Late-Titled-Tuesday-Blitz-March-19-2024"]
[Site "Chess.com"]
[Date "2024.03.19"]
[Round "1"]
[White "zverr1"]
[Black "FairChess_on_YouTube"]
[Result "0-1"]
[WhiteElo "2567"]
[BlackElo "3148"]
[TimeControl "180+1"]
[EndTime "14:07:30 PDT"]
[Termination "FairChess_on_YouTube won by checkmate"]

1. d4 Nf6 2. c4 g6 3. Nc3 Bg7 4. e4 O-O 5. h3 d6 6. Nge2 Nc6 7. Be3 Re8 8. d5 Ne5 9. Nd4 c5 10. dxc6 bxc6 11. f4 Ned7 12. Nxc6 Qc7 13. Nd4 Qb7 14. Qc2 Nc5 15. Be2 Nfxe4 16. Nxe4 Nxe4 17. O-O e5 18. fxe5 dxe5 19. Nb5 Ng3 20. Nd6 Qc6 21. Nxe8 Bf5 22. Qd2 Rxe8 23. Rfe1 Be4 24. Bf1 f5 25. b4 f4 26. Bxa7 f3 27. b5 Qb7 28. Bf2 Nxf1 29.
Rxf1 fxg2 30. Rfe1 Bf3 31. c5 Qxb5 32. Rac1 Bc6 33.
Qc3 Kh8 34. Qb3 Qa6 35. Red1 Rf8 36. Rd6 Qe2 37. Qe3 Qb5 38. a4 Qxa4 39. h4 Qb5 40. h5 gxh5 41. Qg5 Qe2 42. Qg3 Qb2 43. Re1 Qb7 44.
Qe3 h4 45. Qg5 h3 46. Qg3 Qc8 47. Qh2 Qf5 48. Qg3 Qc8 49. Kh2 Ba8 50. Rxe5 Rxf2 51. Qxf2 Bxe5+ 52. Kg1 h2# 0-1

[Event "Late-Titled-Tuesday-Blitz-March-19-2024"]
[Site "Chess.com"]
[Date "2024.03.19"]
[Round "1"]
[White "nindjaxx8"]
[Black "kinga2008"]
[Result "0-1"]
[WhiteElo "2678"]
[BlackElo "2395"]
[TimeControl "180+1"]
[EndTime "14:07:30 PDT"]
[Termination "kinga2008 won by resignation"]

1. d4 e6 2. c4 d5 3. Nc3 Nf6 4. Bg5 Be7 5. cxd5 Nxd5 6. Bxe7 Qxe7 7. e3 O-O 8. Nf3 c5 9. Bd3 Nc6 10. O-O Rd8 11. Rc1 b6 12. Nxd5 exd5 13. dxc5 bxc5 14. Qc2 Nb4 15. Bxh7+ Kh8 16. Qb1 g6 17. a3 Bf5 18.
Qa1 Nc2 19. Qa2 Kxh7 20. b3 d4 21. Rxc2 Bxc2 22. Qxc2 dxe3 23. fxe3 Qxe3+ 24. Kh1 Rd5 25. Re1 Qd3 26. Qb2 Rf5 27. Qf2 Rd8 28. Qh4+ Kg7 29. Qf2 Qd4 30. Qe2 Qf6 31. h3 Rd6 32. Qf2 Re6 33. Rf1 Re4 34. Qc2 Ref4 35. Qd3 Rd4 36. Qe2 Rd6 37. Qe3 Qe6 38. Qc3+ Kg8 39. Qc2 Rfd5 40. Re1 Qf5 41. Kh2 Qxc2 0-1

[Event "Late-Titled-Tuesday-Blitz-March-19-2024"]
[Site "Chess.com"]
[Date "2024.03.19"]
[Round "1"]
[White "ChempionBg"]
[Black "IMRosen"]
[Result "0-1"]
[WhiteElo "2333"]
[BlackElo "2657"]
[TimeControl "180+1"]
[EndTime "14:07:30 PDT"]
[Termination "IMRosen won on time"]

1. d4 d5 2. c4 e6 3. Nf3 Nf6 4. g3 dxc4 5. Bg2 Bb4+ 6. Bd2 c5 7. Bxb4 cxb4 8. Qa4+ Nc6 9. Ne5 Bd7 10. Nxc6 Bxc6 11. Bxc6+ bxc6 12. Qxc6+ Nd7 13. O-O Rc8 14.
Qd6 Qe7 15. Qf4 O-O 16. Nd2 Nb6 17. Rac1 Rc7 18. e4 Rfc8 19. Nf3 h6 20. Qe3 Na4 21.
Qe2 c3 22. b3 Nb6 23. Qb5 Rb8 24. Qa5 Nc8 25. Ne5 Nd6 26. Rfe1 f6 27. Nd3 Rb5 28. Qa4 Rcb7 29. e5 Nf5 30. exf6 Qxf6 31. Nc5 R7b6 32. Nd7 Qxd4 33. Nxb6 Qxb6 34. Rxe6 Qxe6 35. Qxb5 Nd4 36. Qxb4 Ne2+ 37. Kg2 Qc6+ 38. f3 Nxc1 0-1

[Event "Late-Titled-Tuesday-Blitz-March-19-2024"]
[Site "Chess.com"]
[Date "2024.03.19"]
[Round "1"]
[White "David_ATM"]
[Black "Yeritsyaan"]
[Result "0-1"]
[WhiteElo "2322"]
[BlackElo "2654"]
[TimeControl "180+1"]
[EndTime "14:07:30 PDT"]
[Termination "Yeritsyaan won on time"]

1. e4 c5 2. c3 e6 3. d4 d5 4. exd5 exd5 5. Nf3 Nf6 6. Bd3 c4 7. Bc2 Bd6 8. O-O O-O 9. Bg5 h6 10. Bh4 Bg4 11. Bg3 Nc6 12. Nbd2 Re8 13. Re1 Qc7 14. Bxd6 Qxd6 15. Rxe8+ Rxe8 16. Qf1 b5 17. a3 a5 18. Re1 Re6 19. h3 Bh5 20. Bf5 Rxe1 21. Qxe1 Qe7 22. Ne5 Nxe5 23. Qxe5 Qxe5 24. dxe5 Ne8 25. Bd7 Nc7 26. f4 Bd1 27. Kf2 Kf8 28. Nf3 Bxf3 29. Kxf3 Ke7 30. Bc6 f6 31. Ke3 g5 32. g3 Ke6 33. Kd4 h5 34. exf6 h4 35. f7 Kxf7 36. fxg5 hxg3 37. Ke3 Kg6 38. Kf3 Kxg5 39.
Kxg3 b4 40. axb4 axb4 41. Kf3 b3 42. Ke3 Kf5 43. Kd4 Ke6 0-1

[Event "Late-Titled-Tuesday-Blitz-March-19-2024"]
[Site "Chess.com"]
[Date "2024.03.19"]
[Round "1"]
[White "mightysmasher"]
[Black "miraitrunks"]
[Result "1-0"]
[WhiteElo "2601"]
[BlackElo "2175"]
[TimeControl "180+1"]
[EndTime "14:07:30 PDT"]
[Termination "mightysmasher won by resignation"]

1. e4 c5 2. c3 g6 3. d4 cxd4 4. cxd4 Bg7 5. Nf3 d6 6. Nc3 Nf6 7. Bd3 Bg4 8. O-O Nc6 9. d5 Ne5 10. Be2 Bxf3 11. Bxf3 Nxf3+ 12. Qxf3 O-O 13. Be3 a6 14.
Rac1 Qa5 15. a3 Rac8 16. Qe2 Nd7 17. Bd2 b5 18. h4 h5 19. Na2 Qa4 20. Bc3 Bh6 21.
Rcd1 Nc5 22. Nb4 Rfe8 23. Rfe1 e6 24. Qf3 e5 25. Qf6 Red8 26. Nc6 Rd7 27. Ne7+ Rxe7 28. Qxe7 Nxe4 29. Bb4 Nc5 30. Qxd6 Nb3 31. Qxe5 Bg7 32. Qe2 a5 33. Bc3 Bxc3 34. bxc3 Rxc3 35. d6 Nc5 36. d7 Nxd7 37. Rxd7 Qxh4 38. Qe8+ Kg7 39. Qxf7+ Kh6 40. Qf8+ Kg5 41. Rd5+ 1-0

[Event "Late-Titled-Tuesday-Blitz-March-19-2024"]
[Site "Chess.com"]
[Date "2024.03.19"]
[Round "1"]
[White "Mackster23"]
[Black "FabianoCaruana"]
[Result "0-1"]
[WhiteElo "2558"]
[BlackElo "3072"]
[TimeControl "180+1"]
[EndTime "14:07:31 PDT"]
[Termination "FabianoCaruana won by resignation"]

1. e4 c5 2. Nf3 e6 3. d4 cxd4 4. Nxd4 Nc6 5. Nc3 a6 6. Nxc6 bxc6 7. Bd3 d5 8. O-O Nf6 9. e5 Nd7 10. Re1 Bb7 11. Bf4 c5 12. b3 Be7 13. Ne2 g5 14.
Bg3 h5 15. h3 Qc7 16. c4 Qc6 17. Nc3 Nf8 18. Rc1 Rd8 19. Qe2 d4 20. Be4 Qd7 21. Bxb7 Qxb7 22. Ne4 Ng6 23. Qf3 Qd7 24. b4 cxb4 25. Nd6+ Bxd6 26. exd6 Rc8 27. c5 Rc6 28. Qf6 g4 29. h4 a5 30. Qxd4 O-O 31. Rc2 Rfc8 32. Rec1 f5 33. Rc4 Qf7 34. Qe3 e5 35.
Bxe5 Re8 36. f4 gxf3 37. Qxf3 Nxe5 38. Qg3+ Qg7 39. Qxg7+ Kxg7 40. Rf4 Kg6 41. Rc2 Nd7 42. Rfc4 Re5 43. Rd2 Rcxc5 44. Rxc5 Rxc5 0-1

[Event "Late-Titled-Tuesday-Blitz-March-19-2024"]
[Site "Chess.com"]
[Date "2024.03.19"]
[Round "1"]
[White "adiosabu"]
[Black "Grischuk"]
[Result "1-0"]
[WhiteElo "2569"]
[BlackElo "3041"]
[TimeControl "180+1"]
[EndTime "14:07:31 PDT"]
[Termination "adiosabu won on time"]

1. e4 e5 2. Nf3 Nc6 3. Bb5 a6 4. Ba4 Nf6 5. d3 d6 6. c4 g6 7.
Nc3 Bg7 8. h3 O-O 9. Be3 Nd7 10.
O-O Nd4 11. Bxd4 exd4 12. Ne2 c6 13. b4 a5 14. a3 Qb6 15. Rb1 Re8 16. Qc2 Qa7 17.
b5 Qc5 18. Rfc1 Nb6 19. Qb3 Rb8 20. Rb2 Bd7 21. Ra1 h5 22. Qc2 Rec8 23. bxc6 bxc6 24. Rab1 Rb7 25. Qc1 Rcb8 26. Bc2 Bc8 27. Rb3 Nd7 28. Rxb7 Rxb7 29. Rxb7 Bxb7 30. Qb2 Ba6 31. Nexd4 Bf6 32. g4 hxg4 33. hxg4 Ne5 34. Nxe5 Bxe5 35. Qb8+ Kg7 36. Nf3 Bc3 37. a4 Qb4 38. Qc7 d5 39. Ng5 1-0

[Event "Late-Titled-Tuesday-Blitz-March-19-2024"]
[Site "Chess.com"]
[Date "2024.03.19"]
[Round "1"]
[White "amanmuhammethommadov"]
[Black "woodhy"]
[Result "0-1"]
[WhiteElo "2644"]
[BlackElo "2458"]
[TimeControl "180+1"]
[EndTime "14:07:31 PDT"]
[Termination "woodhy won by resignation"]

1. e4 e6 2. d4 d5 3. e5 c5 4. c3 Nc6 5. Nf3 Qb6 6. a3 a5 7. Bd3 Bd7 8. Bc2 Rc8 9. O-O Nge7 10. dxc5 Qxc5 11. b4 axb4 12. axb4 Nxb4 13. Ba3 Nec6 14. Ba4 b5 15. Bb3 Be7 16. cxb4 Nxb4 17. Qd2 O-O 18.
Rc1 Qa7 19. Nc3 Qb7 20. Qf4 Nd3 21. Qe3 Bxa3 22. Qxd3 Bxc1 23. Rxc1 b4 24. Ng5 g6 25. Ne2 Rxc1+ 26. Nxc1 Qc7 27. Ne2 Qxe5 28. h4 Ra8 29. g3 h6 30. Nf3 Qb2 31. Qe3 Ra3 32. Ned4 Ra1+ 33. Kg2 Qc1 34. Qxc1 Rxc1 35. Ne5 Be8 36. f4 f6 37. Ng4 Kf7 38. Nxh6+ Ke7 39. Ng8+ Kf7 40.
Nh6+ Kg7 41. Ng4 Bf7 42. h5 gxh5 43. Ne3 Rc3 44. Kf2 e5 45. fxe5 fxe5 46. Nb5 Rxb3 47. Nf5+ Kf6 48. Nfd6 d4 49. Ne4+ Kg7 50. Nc5 Rb2+ 51.
Kf3 Bd5+ 52. Ne4 Rb3+ 0-1

[Event "Late-Titled-Tuesday-Blitz-March-19-2024"]
[Site "Chess.com"]
[Date "2024.03.19"]
[Round "1"]
[White "stollenmonster"]
[Black "Irishchessman16"]
[Result "1-0"]
[WhiteElo "2903"]
[BlackElo "2519"]
[TimeControl "180+1"]
[EndTime "14:07:34 PDT"]
[Termination "stollenmonster won by resignation"]

1. e4 c5 2. Nf3 Nc6 3. Nc3 d6 4. d4 Bg4 5. d5 Nb8 6. h3 Bxf3 7. Qxf3 g6 8. e5 dxe5 9. d6 Nc6 10. dxe7 Bxe7 11. Bb5 Kf8 12. Bxc6 bxc6 13. O-O Qc7 14.
Ne4 Kg7 15. Rd1 f5 16. Ng5 Bxg5 17. Bxg5 h6 18. Be3 Nf6 19. Bxc5 Ne4 20. Ba3 Rhd8 21. Rd3 Nd2 22. Qe2 Ne4 23. Rad1 Rxd3 24. cxd3 Nf6 25. d4 e4 26. Rc1 Nd5 27. Bc5 Qb7 28. b4 Re8 29. a4 e3 30. fxe3 Rxe3 31. Qb2 Qd7 32. b5 cxb5 33. axb5 f4 34. Ra1 f3 35. Rxa7 Qxa7 36.
Bxa7 Re1+ 37. Kf2 Re2+ 38. Qxe2 fxe2 39. b6 Nf4 40. b7 Nd3+ 41. Kxe2 1-0

[Event "Late-Titled-Tuesday-Blitz-March-19-2024"]
[Site "Chess.com"]
[Date "2024.03.19"]
[Round "1"]
[White "AlexPapasimakopoulos"]
[Black "ploxoi"]
[Result "1-0"]
[WhiteElo "2757"]
[BlackElo "2435"]
[TimeControl "180+1"]
[EndTime "14:07:34 PDT"]
[Termination "AlexPapasimakopoulos won on time"]

1. d4 d5 2. c4 e6 3. Nc3 c6 4.
Nf3 dxc4 5. a4 Bb4 6. e3 b5 7. Bd2 a5 8. Rb1 Bd7 9. Ne5 Nf6 10. Be2 O-O 11. Bf3 Ra6 12. O-O Qc7 13. Qe2 Nd5 14.
axb5 cxb5 15. Nxd5 exd5 16. Bxb4 axb4 17. Bxd5 Rh6 18.
Qf3 Bc8 19. Ra1 Nd7 20. Ng4 Rh4 21. g3 Rh3 22. Ra8 Nb6 23. Rxc8 Nxc8 24. Kg2 Rh5 25. Nf6+ gxf6 26. Qxh5 Ne7 27. Be4 Ng6 28. Qxb5 c3 29. Qxb4 cxb2 30. Qxb2 Re8 31. Bf3 Qe7 32. Rb1 f5 33. Qb4 Qe6 34. Qb6 Qa2 35. Rb2 Qa4 36. Qb5 Qa3 37. Qb4 Qa7 38. Qb6 Qe7 39. Qc5 Qe6 40.
Rb6 Qa2 41. Qxf5 Rxe3 42. Bd5 Qa7 43. Rb7 Nh4+ 44. gxh4 1-0

[Event "Late-Titled-Tuesday-Blitz-March-19-2024"]
[Site "Chess.com"]
[Date "2024.03.19"]
[Round "1"]
[White "Medvegy"]
[Black "tarno17"]
[Result "1-0"]
[WhiteElo "2601"]
[BlackElo "2178"]
[TimeControl "180+1"]
[EndTime "14:07:35 PDT"]
[Termination "Medvegy won on time"]

1. Nf3 d5 2. g3 Nf6 3. Bg2 c5 4. O-O Nc6 5. d4 e6 6. c4 cxd4 7. Nxd4 Bc5 8. Nb3 Bb6 9. cxd5 Nxd5 10. Na3 O-O 11. Nc4 Bc7 12. h4 Ndb4 13. Bg5 Qxd1 14. Rfxd1 f6 15. Be3 e5 16. Bc5 Re8 17. a3 Na6 18. Be3 Be6 19. Rac1 Rad8 20. Rxd8 Rxd8 21. Nc5 Nxc5 22. Bxc5 a6 23. Bxc6 bxc6 24. Be3 Bd5 25. b4 Ra8 26. Nb6 Bxb6 27. Bxb6 Rb8 28. Bc5 Rb7 29. f3 Kf7 30. e4 Bb3 31. Kf2 Ba4 32.
Ke3 Rd7 33. f4 exf4+ 34. gxf4 Bb5 35. Bd4 Ke6 36. h5 f5 37. Rc5 fxe4 38. Re5+ Kf7 39.
Rf5+ Ke8 40. Rg5 g6 41. hxg6 hxg6 42. Rxg6 Re7 43. Be5 Rd7 44. Bd4 Re7 45. f5 Rf7 46. f6 Kd7 47. Kxe4 Ke6 48. Rg8 Bc4 49. Re8+ Kd7 50. Ra8 Bd5+ 51. Ke5 1-0

[Event "Late-Titled-Tuesday-Blitz-March-19-2024"]
[Site "Chess.com"]
[Date "2024.03.19"]
[Round "1"]
[White "PNEPaul"]
[Black "Slovak_fighter2000"]
[Result "0-1"]
[WhiteElo "1991"]
[BlackElo "2581"]
[TimeControl "180+1"]
[EndTime "14:07:36 PDT"]
[Termination "Slovak_fighter2000 won on time"]

1. e4 c5 2. Nf3 d6 3. d4 cxd4 4. c3 d3 5. Bxd3 Nc6 6. Bc4 e6 7.
O-O Nf6 8. Qe2 Be7 9. Rd1 Qc7 10. Na3 a6 11. Nc2 b5 12. Bb3 Bb7 13. Ncd4 O-O 14.
Bc2 Rac8 15. Ng5 Nxd4 16. Rxd4 h6 17. Nh3 Qc5 18. Rd1 Qh5 19. Qxh5 Nxh5 20. Nf4 Nxf4 21. Bxf4 Rfd8 22. Be3 b4 23. Bb6 Rf8 24. Ba5 bxc3 25. Bxc3 d5 26. exd5 Bxd5 27. Bd3 Rc6 28. h3 Rb8 29.
Rac1 Bxa2 30. Be4 Rcb6 31. Be5 Rf8 32. Rd7 Bf6 33. Bd6 Bxb2 34. Rc2 Re8 35. Bc7 Rb4 36. Bc6 Rc8 37. Ba5 Rb3 38. Be4 Rf8 39. Rcd2 Bf6 0-1

[Event "Late-Titled-Tuesday-Blitz-March-19-2024"]
[Site "Chess.com"]
[Date "2024.03.19"]
[Round "1"]
[White "TheKnightOfBosnia"]
[Black "lluiss"]
[Result "1-0"]
[WhiteElo "2625"]
[BlackElo "2265"]
[TimeControl "180+1"]
[EndTime "14:07:38 PDT"]
[Termination "TheKnightOfBosnia won by resignation"]

1. e4 c5 2. Nf3 d6 3. d4 cxd4 4. Nxd4 Nf6 5. Nc3 g6 6. f3 Bg7 7.
Be3 O-O 8. Qd2 Nc6 9. O-O-O Nxd4 10. Bxd4 Be6 11. g4 Qa5 12. Nd5 Qxd2+ 13. Rxd2 Nxd5 14. Bxg7 Kxg7 15. exd5 Bd7 16. b3 g5 17. h4 h6 18.
hxg5 hxg5 19. Bd3 Rh8 20. Rdh2 Rxh2 21. Rxh2 Rh8 22. Rxh8 Kxh8 23. Kd2 Kg7 24. Ke3 Kf6 25. Kd4 e5+ 26. Kc4 a5 27. a4 b6 28. c3 Ke7 29. Bc2 Kd8 30. b4 Kc7 31. Kb3 Kb7 32. Bd3 Kc7 33. c4 Kb8 34. Bb1 Kc7 35. Bc2 Kb7 36.
Bh7 Kc7 37. Be4 Kb7 38. Bc2 Kc7 39. Kc3 Kb7 40. Bb3 f5 41. gxf5 Bxf5 42. Bd1 e4 43.
bxa5 bxa5 44. fxe4 Bxe4 45. Kd4 Bf5 46. c5 Kc7 47. Kc4 Bd7 48. c6 Bxc6 49. dxc6 Kxc6 50. Bf3+ Kb6 51. Kd5 Kc7 52. Bg4 1-0

[Event "Late-Titled-Tuesday-Blitz-March-19-2024"]
[Site "Chess.com"]
[Date "2024.03.19"]
[Round "1"]
[White "sacrifoice"]
[Black "Matrix3x3a"]
[Result "0-1"]
[WhiteElo "2228"]
[BlackElo "2610"]
[TimeControl "180+1"]
[EndTime "14:07:38 PDT"]
[Termination "Matrix3x3a won by resignation"]

1. e4 c5 2. Nf3 d6 3. Bb5+ Nd7 4. c4 Nf6 5. Nc3 g6 6. d4 cxd4 7. Nxd4 Bg7 8. O-O O-O 9. h3 a6 10. Bxd7 Bxd7 11. Be3 Rc8 12. Qd3 Qc7 13. b3 b5 14.
Nd5 Nxd5 15. cxd5 Qc3 16. Rad1 Qxd3 17. Rxd3 a5 18. Rd2 b4 19. f3 h5 20. Kf2 Rc7 21.
Re1 Rfc8 22. Ree2 Rc3 23. g4 hxg4 24. hxg4 Bf6 25. Kg2 Kg7 26. g5 Be5 27. f4 Rxe3 28. fxe5 Rxe2+ 29. Nxe2 dxe5 30. Kf2 Rc5 31. Ng1 f6 32.
Nf3 Kf7 33. Ke3 Rc3+ 34. Kf2 Bg4 35. Nh2 Bh5 36. gxf6 Kxf6 37. d6 exd6 38. Rxd6+ Kg5 39. Rd5 Kf4 40. Rxa5 Rc2+ 41. Kg1 Be2 42. Ra7 g5 43. Rf7+ Kxe4 44. Rf2 g4 45. Kg2 Rxa2 46. Nxg4 Bf3+ 47.
Kg3 Rxf2 48. Nxf2+ Ke3 49. Nh3 e4 50. Ng5 Bd1 51.
Ne6 Bxb3 52. Nc7 Bf7 53. Kg2 b3 54. Nb5 b2 55. Na3 Kd3 56. Kf1 e3 57. Ke1 Bb3 58.
Nb1 Bc2 59. Na3 b1=Q+ 60. Nxb1 Bxb1 61. Kf1 Bc2 62. Ke1 Bb3 63. Kf1 Kd2 0-1

[Event "Late-Titled-Tuesday-Blitz-March-19-2024"]
[Site "Chess.com"]
[Date "2024.03.19"]
[Round "1"]
[White "Piriflillo"]
[Black "GodzillaChessYoutube"]
[Result "0-1"]
[WhiteElo "2367"]
[BlackElo "2684"]
[TimeControl "180+1"]
[EndTime "14:07:42 PDT"]
[Termination "GodzillaChessYoutube won by resignation"]

1. Nf3 d5 2. e3 Nf6 3. b3 Bf5 4. Bb2 e6 5. d4 a6 6. Bd3 Bg4 7. O-O c5 8. Nbd2 Nc6 9. a3 cxd4 10. exd4 Bd6 11. Qe1 O-O 12. Ne5 Bh5 13. Ndf3 Rc8 14. h3 Nd7 15. Qe3 Ncxe5 16. Nxe5 Nxe5 17. dxe5 Bc5 18. Bd4 Bxd4 19. Qxd4 Bg6 20. Rac1 Qa5 21. Bxg6 hxg6 22. a4 Qc3 23. Rfd1 Qxd4 24. Rxd4 Rc7 25. Kf1 Rfc8 26. Rd2 Rc3 27. Ke2 Rxb3 28. cxb3 Rxc1 29. Kd3 g5 30. Kd4 Kh7 31. Rd3 Kg6 32. Rg3 Kh6 33. Rf3 b6 34. Rxf7 Rb1 35. Kc3 Re1 36. Kd4 Re4+ 37. Kd3 Rxe5 38. Rb7 b5 39. axb5 axb5 40. Rxb5 Rf5 41. f3 Kg6 42. Rb6 Kf6 43. Rb8 Ke5 44. Rg8 Rf7 45. b4 Rb7 46. b5 Kf6 47.
Rc8 Rxb5 48. Ke3 Rb2 49. g3 Ke5 50. f4+ gxf4+ 51. gxf4+ Kf6 52. Rf8+ Ke7 53. Rg8 Kf7 54. Rb8 Rxb8 0-1